 Dungeon Crawl Stone Soup version 0.20.1-1-g8b1a95d (webtiles) character file.

53 saradell the Skirmisher (level 4, -8/29 HPs)
             Began as a Kobold Berserker on June 1, 2018.
             Was a Follower of Trog.
             Mangled by an ice beast (12 damage)
             ... on level 2 of the Dungeon.
             The game lasted 00:38:41 (2356 turns).

saradell the Skirmisher (Kobold Berserker)          Turns: 2356, Time: 00:38:51

Health: -8/29      AC:  6    Str: 15    XL:     4   Next: 11%
Magic:  0/4        EV: 14    Int:  8    God:    Trog [*.....]
Gold:   59         SH:  0    Dex: 17    Spells: 3/3 levels left

rFire    . . .     SeeInvis .   c - +1 whip
rCold    . . .     Gourm    .   (shield restricted)
rNeg     . . .     Faith    .   d - +0 ring mail
rPois    .         Spirit   +   e - +0 helmet
rElec    .         Reflect  .   (no cloak)
rCorr    .         Harm     .   (no gloves)
MR       .....                  (no boots)
Stlth    +.........             b - amulet of guardian spirit
Regen    0.1/turn               a - +3 ring of dexterity
MPRegen  0.1/turn               (no ring)

@: no status effects
A: carnivore 3
a: Berserk, Burn Spellbooks, Renounce Religion


You were on level 2 of the Dungeon.
You worshipped Trog.
Trog was aware of your devotion.
You were full.

You visited 1 branch of the dungeon, and saw 2 of its levels.

You collected 59 gold pieces.

Inventory:

Hand Weapons
 c - a +1 whip (weapon)
Armour
 d - a +0 ring mail (worn)
 e - a +0 helmet (worn)
 f - a +0 ring mail
Jewellery
 a - a +3 ring of dexterity (left hand)
 b - an amulet of guardian spirit (around neck)
Scrolls
 h - a scroll of enchant weapon
 j - a scroll of fear
 l - a scroll of identify {unknown}
 m - a scroll of magic mapping {unknown}
Comestibles
 k - 5 fruits


   Skills:
 + Level 4.1 Fighting
 * Level 0.8 Maces & Flails
 + Level 2.0 Armour
 + Level 2.8 Dodging
 - Level 3.3 Unarmed Combat


You had 3 spell levels left.
You didn't know any spells.

Dungeon Overview and Level Annotations

Branches:
Dungeon (2/15)

Altars:
Dithmenos


Innate Abilities, Weirdness & Mutations

You are small and have problems with some larger weapons.
You are carnivorous and can eat meat at any time.


Message History

The ice beast hits you. The ice beast freezes you!
You hit the ice beast but do no damage.
The ice beast is moderately wounded.
The ice beast hits you but does no damage.
You hit the worm.
The worm is moderately wounded.
The ice beast misses you. The worm bites you!
A goblin comes into view.
You see here a club.
You hit the ice beast.
The ice beast is moderately wounded.
The ice beast closely misses you.
You hit the ice beast but do no damage.
The ice beast is moderately wounded.
The ice beast hits you. The ice beast freezes you!
* * * LOW HITPOINT WARNING * * *
The ice beast hits you.
* * * LOW HITPOINT WARNING * * *
The ice beast freezes you!
You die...

............# ...... #....# ..
._...####.#.# #.
......##....####.#
...............#.# #####
....##...##.##.#.# #....
.#..###....).....######## #.###
##.. #..).w##.##.......## ##.###
#......##....Y@.#......# #.....
#..##.#.##.##.##....##..###..#.#
...##.#.......##.#.............#
.###.####.##...........###.....
##.## #.##.##.#.##...# #.####
#...# #.##.##........# #.....
#...# #.......###..### ######
#...# ####.#### #..####### #
#####...######.######..#.....# #


You could see an ice beast and a worm.

Vanquished Creatures
  3 adders (D:2)
  A dart slug (D:2)
  A leopard gecko (D:1)
  7 bats
  3 goblins (D:1)
  3 hobgoblins
  3 kobolds
  5 rats
26 creatures vanquished.

Notes
Turn   | Place    | Note
-------+----------+-------------------------------------------
     0 | D:1      | saradell the Kobold Berserker began the quest for the Orb.
     0 | D:1      | Reached XP level 1. HP: 14/14 MP: 1/1
   443 | D:1      | Reached XP level 2. HP: 17/19 MP: 2/2
  1486 | D:2      | Reached XP level 3. HP: 9/24 MP: 3/3
  1503 | D:2      | Reached skill level 4 in Fighting
  1995 | D:2      | Reached XP level 4. HP: 17/29 MP: 1/4
  2324 | D:2      | Found a shadowy altar of Dithmenos.
  2327 | D:2      | Noticed an ice beast
  2356 | D:2      | Mangled by an ice beast

Skill      XL: |  1  2  3 |
---------------+----------+-----
Fighting       | 4 |  4.1
Armour         | 2 |  2.0
Maces & Flails | |  0.8
Dodging        | |  2.8
Unarmed Combat | |  3.3

Action                   |  1- 3 |  4- 6 || total
-------------------------+-------+-------++-------
Melee: Whip              |   108 |    18 ||   126
       Unarmed           |     8 |       ||     8
       Punch             |     2 |     1 ||     3
  Use: Potion            |     2 |       ||     2
       Scroll            |       |     2 ||     2
  Eat: Meat ration       |     1 |       ||     1
       Royal jelly       |     1 |       ||     1
Armor: Ring mail         |    57 |     4 ||    61
Dodge: Dodged            |   139 |    17 ||   156
